 Dungeon Crawl Stone Soup version 0.23-a0-767-gdc19b93d68 (webtiles) character file.

6207 Brecoman the Carver (level 10, -2/91 HPs)
             Began as a Minotaur Fighter on Jan 27, 2019.
             Was a Priest of Uskayaw.
             Slain by Sonja
             ... wielding a +0 short sword of distortion
              (5 damage)
             ... on level 10 of the Dungeon.
             The game lasted 00:39:14 (11574 turns).

Brecoman the Carver (Minotaur Fighter)             Turns: 11574, Time: 00:39:17

Health: -2/91      AC: 16    Str: 24    XL:     10   Next: 61%
Magic:  11/14      EV:  8    Int:  5    God:    Uskayaw [***...]
Gold:   451        SH: 11    Dex: 10    Spells: 9/9 levels left

rFire    . . .     SeeInvis .   a - +0 falchion (holy)
rCold    . . .     Gourm    .   K - +2 shield
rNeg     . . .     Faith    .   Q - +5 ring mail of Kikubaaqudgha's Hope {MR+}
rPois    .         Spirit   .   (helmet restricted)
rElec    .         Reflect  .   s - +2 cloak
rCorr    .         Harm     .   X - +0 pair of gloves
MR       +....                  (no boots)
Stlth    ..........             (no amulet)
HPRegen  0.25/turn              (no ring)
MPRegen  0.14/turn              (no ring)

@: lethally poisoned (-2 -> -3), starving, slowed, very slow
A: retaliatory headbutt, horns 2
a: Stomp, Line Pass, Renounce Religion


You were on level 10 of the Dungeon.
You worshipped Uskayaw.
Uskayaw was noncommittal.
You were starving.

You visited 2 branches of the dungeon, and saw 11 of its levels.
You also visited: Ossuary.

You collected 451 gold pieces.

Inventory:

Hand Weapons
 a - a +0 falchion of holy wrath (weapon)
 b - a +0 fustibalus
 M - a +0 long sword
Missiles
 h - 261 stones (quivered)
 G - a throwing net
 T - 172 sling bullets
Armour
 c - a +0 shield
 j - a +3 leather armour
 l - a +2 pair of gloves
 n - the +2 ring mail of the Equator {Str+2, unknown}
   (You found it on level 7 of the Dungeon)

   It affects your strength (+2).
 s - a +2 cloak (worn)
 B - the +1 robe of the Beginning {rF++ Int-4 Dex+5, unknown}
   (You found it on level 8 of the Dungeon)

   It affects your intelligence (-4).
   It affects your dexterity (+5).
   It greatly protects you from fire.
 K - a +2 shield (worn)
 Q - the +5 ring mail of Kikubaaqudgha's Hope (worn) {MR+}
   (You found it on level 7 of the Dungeon)

   It affects your resistance to hostile enchantments.
 S - a +1 scale mail
 X - a +0 pair of gloves (worn)
Jewellery
 t - an uncursed ring of fire {unknown}
 w - a +2 ring of dexterity {unknown}
 y - an uncursed ring of see invisible {unknown}
 E - an uncursed ring of magical power {unknown}
 U - the ring "Nopup" {*Drain rElec rC+ Str+2 Stlth-, unknown}
   (You found it on level 8 of the Dungeon)

   [ring of attention]

   It affects your strength (+2).
   It protects you from cold.
   It insulates you from electricity.
   It causes draining when unequipped.
   It makes you less stealthy.
Wands
 p - a wand of random effects (18)
 z - a wand of acid (12)
 C - a wand of flame (13)
 Y - a wand of polymorph (4)
Scrolls
 k - 4 scrolls of teleportation
 u - 2 scrolls of enchant armour
 x - 3 scrolls of blinking
 A - 3 scrolls of remove curse {unknown}
 H - a scroll of fear {unknown}
 I - a scroll of acquirement {unknown}
 J - 2 scrolls of fog {unknown}
 L - 2 scrolls of magic mapping
 N - 4 scrolls of enchant weapon {unknown}
 R - 6 scrolls of identify
 V - a scroll of summoning {unknown}
 W - a scroll of amnesia {unknown}
Potions
 d - 2 potions of might
 e - 2 potions of magic
 g - a potion of brilliance
 i - 5 potions of lignification
 m - 4 potions of curing
 o - a potion of haste
 q - 4 potions of agility
 r - 4 potions of degeneration
 D - a potion of cancellation
 F - a potion of invisibility
 O - 2 potions of ambrosia {unknown}
 P - 2 potions of resistance {unknown}
Comestibles
 f - 21 rations


   Skills:
 + Level 9.6 Fighting
 * Level 12.1 Long Blades
 - Level 9.4 Armour
 + Level 0.9 Dodging
 + Level 3.9 Shields
 + Level 6.6 Invocations


You had 9 spell levels left.
You didn't know any spells.
Your spell library contained the following spells:

 Spells                   Type           Power        Failure   Level  Hunger
 Flame Tongue             Conj/Fire      #....        97%         1    ##.....
 Infusion                 Chrm           #...         97%         1    ##.....
 Throw Flame              Conj/Fire      #.....       99%         2    ###....
 Conjure Flame            Conj/Fire      #.......     100%        3    ####...
 Inner Flame              Hex/Fire       #.......     100%        3    ####...
 Petrify                  Tmut/Erth      #.......     100%        4    #####..
 Sticky Flame             Conj/Fire      #.......     100%        4    #####..
 Borgnjor's Vile Clutch   Necr/Erth      #.........   100%        5    ######.
 Fireball                 Conj/Fire      #.........   100%        5    ######.
 Deflect Missiles         Chrm/Air       #.........   100%        6    #######


Dungeon Overview and Level Annotations

Branches:
Dungeon (10/15)            Temple (1/1) D:4            Lair (0/6) D:8
    Orc (0/2) D:10

Altars:
Ashenzari
Cheibriados
Dithmenos
Elyvilon
Fedhas
Gozag
Hepliaklqana
Kikubaaqudgha
Makhleb
Nemelex Xobeh
Okawaru
Qazlal
Ru
Sif Muna
Trog
Uskayaw
Vehumet
Wu Jian
Xom
Yredelemnul
Zin
The Shining One

Shops:
D:4 *

Annotations:
D:3 3 runed doors, cirnu's ghost, amateur DsCK
D:10 Sonja


Innate Abilities, Weirdness & Mutations

You reflexively headbutt those who attack you in melee.
You have a pair of horns on your head.


Message History

Magic courses through your body.
You feel sick. You block the bullfrog's attack.
Sonja casts a spell.
Sonja blinks!
The orc priest barely misses you.
You riposte.
You hit the orc priest but do no damage.
The orc priest is moderately wounded.
The ogre zombie hits you but does no damage.
You block the hobgoblin skeleton's attack.
You block the bullfrog's attack.
The orc priest hits you with a +0 flail.
* * * LOW HITPOINT WARNING * * *
Aiming: Line Pass
Press: ? - help, Dir - move target cursor The ogre zombie appears confused.
The orc appears confused.
You are starving!
Sonja unwields a +0 blowgun.
Sonja wields a +0 short sword of distortion.
Its appearance distorts for a moment.
You block Sonja's attack. Sonja hits you but does no damage.
Space bends around you.
You die...

########## #..
.#...#(#.# # #
###.##..#..)#.#...#
#.#..o#.##..).o.# ####
#.##.#..#ZZ###..#
...##########..#†##....#
...
##.##......##...#.#.o#Z#
#
#.##.####..###.#.(ZoZW#
##.##.######...##KZ.#.##
........# ###..@oZF###
##.##.#.# #####o##
#.##.#.# ### #.##.# #
..##.. ######


You could see a phantom, Sonja, an orc warrior, a bullfrog, 2 orc priests, an
orc (confused), 3 orc zombies, an ogre zombie (confused), 2 troll zombies and a
hobgoblin skeleton.

Vanquished Creatures
  A troll (D:9)
  2 hornets
  A hippogriff (D:7)
  A wyvern (D:10)
  Eustachio (D:5)
  3 hungry ghosts
  Menkaure (D:7)
  2 soldier ants (D:8)
  A water moccasin (D:10)
  A porcupine (D:8)
  3 ice beasts
  A sky beast (D:10)
  4 orc warriors
  2 black bears
  A necrophage (D:10)
  An ogre (D:7)
  A phantom (D:6)
  5 wolves (D:8)
  3 centaurs
  A big kobold (D:9)
  A crocodile (D:8)
  4 bullfrogs
  3 water moccasin zombies (Ossuary)
  A scorpion (D:10)
  4 wights (D:8)
  2 howler monkeys (D:8)
  2 electric eels (D:8)
  2 crimson imps
  A quasit (D:8)
  4 hounds
  Crazy Yiuf (D:2)
  2 orc priests
  4 bullfrog skeletons
  5 orc wizards
  2 centaur skeletons
  Jessica (D:2)
  Terence (D:2)
  2 iguanas (D:7)
  10 worker ants
  A big kobold zombie (Ossuary)
  2 ogre zombies (D:10)
  3 hound skeletons
  2 mummies (Ossuary)
  8 gnolls
  9 adders
  4 shadow imps
  5 white imps (D:8)
  3 ufetubi (D:8)
  2 oozes
  2 adder zombies (Ossuary)
  A dart slug (D:2)
  5 worms
  4 leopard geckos
  21 orcs
  A ball python (D:1)
  6 bats
  6 giant cockroaches
  9 goblins
  6 hobgoblins
  5 jackals
  6 kobolds
  5 quokkas
  7 frilled lizards
  7 gnoll zombies (Ossuary)
  A goblin skeleton (D:10)
  3 goblin zombies (D:10)
  A hobgoblin skeleton (D:10)
  5 hobgoblin zombies
  A jackal simulacrum (D:8)
  A jackal skeleton (D:7)
  7 kobold zombies (Ossuary)
  2 orc skeletons (D:10)
  7 orc zombies
  A quokka skeleton (D:9)
  A quokka zombie (D:6)
  10 rats
258 creatures vanquished.

Vanquished Creatures (others)
  A dart slug (D:3)
  A jackal simulacrum (D:8)
  A kobold (D:3)
  4 fungi (D:8)
7 creatures vanquished.

Grand Total: 265 creatures vanquished

Notes
Turn   | Place    | Note
-------+----------+-------------------------------------------
     0 | D:1      | Brecoman the Minotaur Fighter began the quest for the Orb.
     0 | D:1      | Reached XP level 1. HP: 19/19 MP: 0/0
   256 | D:1      | Reached XP level 2. HP: 27/27 MP: 1/1
   668 | D:1      | Reached skill level 3 in Long Blades
  1026 | D:2      | Reached XP level 3. HP: 29/33 MP: 2/2
  1152 | D:2      | Noticed Jessica
  1175 | D:2      | Killed Jessica
  1175 | D:2      | Reached XP level 4. HP: 31/41 MP: 3/3
  1422 | D:2      | Reached skill level 4 in Long Blades
  1551 | D:2      | Noticed Terence
  1563 | D:2      | Killed Terence
  1599 | D:2      | Found a runed door.
  1697 | D:2      | Noticed Crazy Yiuf
  1709 | D:2      | Killed Crazy Yiuf
  1709 | D:2      | Reached XP level 5. HP: 16/47 MP: 4/4
  2156 | D:3      | Found a runed gate.
  2156 | D:3      | Found a runed gate.
  2157 | D:3      | Found a runed gate.
  2161 | D:3      | Noticed cirnu's ghost (amateur DsCK)
  2284 | D:3      | Reached skill level 5 in Armour
  2531 | D:3      | Found a radiant altar of Vehumet.
  2804 | D:4      | Reached skill level 5 in Fighting
  2804 | D:4      | Reached skill level 5 in Long Blades
  2811 | D:4      | Found a staircase to the Ecumenical Temple.
  2816 | Temple   | Entered the Ecumenical Temple
  2898 | Temple   | Became a worshipper of Uskayaw the Reveler
  2966 | D:4      | Reached * piety under Uskayaw
  3060 | D:4      | Noticed an ice beast
  3062 | D:4      | Reached XP level 6. HP: 56/56 MP: 5/5
  3068 | D:4      | Reached ** piety under Uskayaw
  3073 | D:4      | Killed an ice beast
  3073 | D:4      | Reached skill level 1 in Invocations
  3129 | D:4      | Found Zin's Purification Station.
  3129 | D:4      | Found a glowing silver altar of Zin.
  3509 | D:4      | Reached *** piety under Uskayaw
  3883 | D:5      | Entered Level 5 of the Dungeon
  3925 | D:5      | Found a stormy altar of Qazlal.
  4122 | D:5      | Noticed a moth of wrath
  4125 | D:5      | Found a bloodstained altar of Trog.
  4270 | D:5      | Reached skill level 6 in Long Blades
  4352 | D:5      | Reached XP level 7. HP: 62/62 MP: 7/7
  4372 | D:5      | Noticed Eustachio
  4506 | D:5      | Killed Eustachio
  4674 | D:5      | Found an iron altar of Okawaru.
  4791 | D:6      | Reached skill level 7 in Long Blades
  5001 | D:6      | Found a radiant altar of Vehumet.
  5129 | D:6      | Reached **** piety under Uskayaw
  5132 | D:6      | Reached XP level 8. HP: 71/71 MP: 9/9
  5575 | D:6      | Found a deep blue altar of Sif Muna.
  5575 | D:6      | Found a blossoming altar of Fedhas.
  5580 | D:6      | Found a sparkling altar of Nemelex Xobeh.
  5586 | D:6      | Found a hazy altar of Hepliaklqana.
  5587 | D:6      | Found an ancient bone altar of Kikubaaqudgha.
  5684 | D:7      | Found a bloodstained altar of Trog.
  5684 | D:7      | Noticed Menkaure
  5693 | D:7      | Killed Menkaure
  5693 | D:7      | Reached skill level 8 in Long Blades
  5694 | D:7      | Noticed a hippogriff
  5717 | D:7      | Killed a hippogriff
  5992 | D:7      | Reached skill level 9 in Long Blades
  6388 | D:7      | Reached XP level 9. HP: 55/79 MP: 11/11
  6528 | D:7      | Got a blackened ring mail
  6546 | D:7      | Identified the +5 ring mail of Kikubaaqudgha's Hope {MR+}
                  | (You found it on level 7 of the Dungeon)
  6602 | D:7      | Got a faintly humming ring mail
  7389 | D:8      | Found a radiant altar of Vehumet.
  7465 | D:8      | Got a distressingly furry robe
  7476 | D:8      | Got a glittering ivory ring
  7539 | D:8      | Identified the Tome of Dusty Talismans
  7767 | D:8      | Reached skill level 10 in Long Blades
  7881 | D:8      | Reached skill level 5 in Invocations
  8002 | D:8      | Found a sand-covered staircase.
  8006 | Ossuary  | Entered an ossuary
  8348 | D:8      | Found an ornate altar of the Wu Jian Council.
  8747 | D:8      | Found a staircase to the Lair.
  8800 | D:8      | Noticed a polar bear
  8932 | D:7      | Reached skill level 11 in Long Blades
  9315 | D:8      | Reached XP level 10. HP: 53/90 MP: 13/13
  9878 | D:9      | Paralysed by a hornet for 3 turns
  9880 | D:9      | HP: 1/91 [hornet (13)]
 10445 | D:9      | Found a shattered altar of Ashenzari.
 10704 | D:10     | Entered Level 10 of the Dungeon
 10736 | D:10     | Noticed Sonja
 11390 | D:10     | Reached skill level 12 in Long Blades
 11553 | D:10     | Found a staircase to the Orcish Mines.
 11555 | D:10     | Reached ***** piety under Uskayaw
 11573 | D:10     | HP: 3/91 [orc priest/+0 flail (5)]
 11574 | D:10     | Slain by Sonja

Vault maps used:
D:1:      dpeg_arrival_leaves_temple_mockup, minmay_close_crescents
D:2:      minmay_recursive_quarters, kennysheep_generic_room_2,
          uniq_crazy_yiuf_cottage, uniq_jessica, uniq_terence
D:3:      cheibrodos_helix_gallery, fiery_altar_vehumet,
          ebering_ghost_rock_garden, minmay_misc_feat_x
D:4:      zin_purify, temple_doors_cd, first_ration
D:5:      wander_river, marbit_many_paths, kennysheep_mini,
          chequers_serial_rivers_micro_e, tgw_trog, uniq_eustachio
D:6:      chequers_temple_overflow_minitemple, basic_altar,
          minmay_misc_feat_diagonals, zaba_anthole
D:7:      overflow_temple_1_default, uniq_menkaure
D:8:      old_standard_altar, grunt_lair_entry_orc_guard_hut, serial_ice,
          serial_ice_j, serial_ice_h, serial_ice_f, serial_ice_o, serial_ice_e,
          serial_ice_m, serial_ice_n, serial_ice_d, serial_ice_b, serial_ice_g,
          nicolae_ossuary_entry_false_entrances, basic_altar,
          hangedman_pestilent_swarm
D:9:      ashenzari_conservatory_becter
D:10:     zombieorc1_lemuel, basic_altar, uniq_sonja, uniq_erolcha
Temple:   cyrus_temple_forest
Ossuary:  ossuary_tomb_2

Skill      XL: |  1  2  3  4  5  6  7  8  9 10 |
---------------+-------------------------------+-----
Armour         | 4 5 6 7 8 9 |  9.4
Fighting       | 4 5 6 7 8 9 |  9.6
Long Blades    | 3 4 5 6 7 9 11 12 | 12.1
Invocations    | 1 3 4 5 6 |  6.6
Dodging        | |  0.9
Shields        | |  3.9

Action                   |  1- 3 |  4- 6 |  7- 9 | 10-12 || total
-------------------------+-------+-------+-------+-------++-------
Melee: Long sword        |    87 |   173 |   158 |       ||   418
       Headbutt          |    11 |    36 |   118 |    57 ||   222
       Falchion          |       |       |   305 |   237 ||   542
 Fire: Fustibalus        |       |       |    10 |     3 ||    13
Invok: Stomp             |       |     1 |       |     2 ||     3
       Line Pass         |       |       |     4 |     3 ||     7
  Use: Scroll            |       |     7 |     8 |       ||    15
       Potion            |       |       |       |     5 ||     5
 Stab: Paralysed         |       |     1 |    20 |     4 ||    25
       Sleeping          |       |       |     1 |       ||     1
  Eat: Chunk             |     1 |    10 |    18 |     8 ||    37
Armor: Scale mail        |    34 |    63 |       |       ||    97
       Leather armour    |       |    23 |    88 |       ||   111
       Ring mail         |       |       |   118 |    96 ||   214
Dodge: Dodged            |    29 |    47 |   149 |    66 ||   291
Block: Shield            |    50 |    93 |   301 |   125 ||   569
       Rpst.: Long sword |     5 |     8 |    13 |       ||    26
       Falchion          |       |       |    22 |    15 ||    37

Table legend:
 A = Non-vault XP
 B = Vault XP
 C = Vault XP percentage of total XP
 D = Non-vault monster count
 E = Vault monster count
 F = Vault count percentage of total count
                 A         B        C        D         E       F
            +---------+---------+-------+---------+---------+-------
      Total |    5434 |    3434 |  38.7 |     159 |      99 |  38.4
            +---------+---------+-------+---------+---------+-------
        D:1 |      20 |      11 |  35.5 |       9 |       5 |  35.7
        D:2 |      68 |     135 |  66.5 |      25 |      12 |  32.4
        D:3 |      41 |       4 |   8.9 |      11 |       2 |  15.4
        D:4 |     308 |       0 |   0.0 |      13 |       0 |   0.0
        D:5 |     148 |     210 |  58.7 |       6 |       6 |  50.0
        D:6 |     534 |     103 |  16.2 |      16 |       3 |  15.8
        D:7 |    1165 |     308 |  20.9 |      23 |       2 |   8.0
        D:8 |     906 |    1896 |  67.7 |      22 |      24 |  52.2
        D:9 |    1210 |       0 |   0.0 |      20 |       0 |   0.0
       D:10 |    1034 |     429 |  29.3 |      14 |      16 |  53.3
    Ossuary |       0 |     338 | 100.0 |       0 |      29 | 100.0
            +---------+---------+-------+---------+---------+-------
